Map: Apotheosis LE

Players

brueda

  • Race: Zerg Zerg
  • League: Diamond

PrimeHunterZ - Winner!

  • Race: Terran Terran
  • League: Diamond

VOD

Have the link to the VOD?

Description

Time

  • Played on: July 22, 2016, 11:53 p.m.
  • Length: 14:06
Show
View Real Time Build Order
Export as new Build Order

brueda Zerg 

Build Orders: Hatch First, Muta Ling Bane 

Get SALT Encoding   

  12  0:01  Drone  
  13  0:11  Drone  
  14  0:21  Overlord  
  14  0:33  Extractor  
  14  0:34  Extractor, Drone  
  14  0:35  Drone  
  17  0:42  Drone  
  17  0:55  Hatchery  
  16  0:58  Drone  
  16  1:02  Drone  
  18  1:13  Extractor  
  18  1:18  Spawning Pool  
  16  1:22  Drone  
  16  1:23  Drone  
  18  1:40  Drone x2  
  20  1:50  Overlord  
  20  2:06  Queen  
  20  2:07  Queen  
  20  2:08  Zergling x2  
  25  2:09  Zergling x2  
  25  2:13  Metabolic Boost  
  26  2:27  Drone x3  
  29  2:34  Drone x2  
  30  2:47  Queen  
  30  2:49  Overlord  
  32  2:55  Drone  
  32  2:56  Drone x2  
  35  3:11  Hatchery  
  34  3:14  Zergling x2  
  35  3:20  Drone  
  35  3:21  Drone x4  
  40  3:32  Overlord  
  40  3:33  Drone  
  41  3:34  Drone x3  
  44  3:42  Overlord  
  44  3:56  Extractor  
  44  4:02  Drone  
  44  4:03  Drone x7  
  51  4:12  Evolution Chamber  
  51  4:13  Spore Crawler, Evolution Chamber  
  51  4:14  Spore Crawler  
  51  4:15  Drone x2  
  49  4:25  Queen  
  49  4:27  Zergling x2  
  49  4:28  Zergling x12  
  58  4:35  Overlord x2  
  58  4:46  Spore Crawler  
  58  4:47  Zerg Ground Armor Level 1  
  57  4:53  Zerg Melee Weapons Level 1  
  57  4:54  Drone x2  
  57  4:55  Drone  
  57  4:56  Drone x4  
  64  5:00  Baneling Nest  
  63  5:13  Drone x7  
  70  5:29  Overlord x3  
  70  5:35  Hatchery  
  65  5:39  Zergling x2  
  65  5:40  Zergling x14  
  64  5:52  Queen  
  64  5:54  Lair  
  64  5:55  Zergling x2  
  64  5:56  Zergling x12  
  73  6:06  Baneling x3  
  73  6:07  Baneling x4, Overlord x2  
  73  6:08  Overlord  
  73  6:29  Extractor  
  72  6:37  Drone  
  72  6:38  Drone x6  
  79  6:40  Extractor  
  79  6:42  Drone x2  
  79  6:43  Drone x4  
  80  6:51  Drone x2  
  80  6:52  Drone x4  
  84  6:59  Spire  
  83  7:02  Extractor  
  83  7:03  Zergling x2  
  83  7:04  Zergling x10  
  88  7:25  Zerg Melee Weapons Level 2, Zerg Ground Armor Level 2  
  88  7:27  Overlord x2  
  88  7:28  Overlord x2  
  88  7:29  Zergling x16  
  97  7:30  Zergling x2  
  97  7:37  Extractor  
  97  7:39  Overlord x4  
  92  7:58  Zergling x6  
  93  7:59  Zergling x16  
  93  8:03  Overseer x2  
  93  8:05  Pneumatized Carapace  
  103  8:09  Drone x9  
  112  8:13  Queen  
  112  8:15  Spine Crawler  
  113  8:24  Baneling  
  113  8:25  Baneling x14  
  113  8:29  Zergling x16  
  121  8:44  Zergling x22  
  132  8:52  Overseer  
  132  8:54  Drone, Hatchery  
  132  8:55  Drone x2  
  134  9:01  Zerg Flyer Weapons Level 1, Mutalisk x4  
  142  9:07  Corruptor x2  
  146  9:17  Spore Crawler  
  145  9:18  Spore Crawler, Zergling x2  
  145  9:19  Zergling x6  
  145  9:20  Spore Crawler  
  147  9:26  Centrifical Hooks  
  147  9:27  Mutalisk  
  147  9:28  Mutalisk  
  147  9:29  Mutalisk  
  153  9:35  Zergling x8  
  157  9:39  Mutalisk  
  157  9:40  Mutalisk  
  157  9:45  Zergling x6  
  162  9:46  Zergling x4  
  166  9:57  Infestation Pit  
  165  10:08  Zergling x4  
  165  10:09  Zergling x20  
  165  10:12  Baneling  
  165  10:13  Baneling x15  
  177  10:18  Drone x2  
  181  10:38  Zergling x2  
  181  10:39  Zergling x26  
  181  10:54  Hive  
  181  10:57  Hatchery  
  181  10:58  Zergling x2  
  181  10:59  Zergling x22  
  181  11:01  Overlord  
  192  11:04  Overlord  
  192  11:13  Baneling x2  
  192  11:22  Mutalisk x4  
  200  11:36  Overlord  
  200  11:43  Hatchery  
  151  11:56  Zergling x14  
  151  11:57  Zergling x28  
  151  11:58  Zergling x2  
  107  12:30  Baneling  
  107  12:31  Baneling x12  
  107  12:32  Overseer x3  
  107  12:42  Drone  
  107  12:43  Drone x8  
  107  12:44  Zergling x10  
  121  12:56  Zergling x8  
  121  12:57  Spine Crawler  
  124  13:07  Zergling x2  
  124  13:08  Zergling x12  
  99  13:30  Zergling x2  
  99  13:31  Zergling x28  
  101  13:44  Extractor  
  101  13:47  Extractor  
Show
View Real Time Build Order
Export as new Build Order

PrimeHunterZ Terran - Winner!

Build Orders: Reaper Expand, MMM Bio 

Get SALT Encoding   

  12  0:00  SCV  
  13  0:13  SCV  
  14  0:17  Supply Depot  
  14  0:25  SCV  
  15  0:39  SCV  
  15  0:40  Barracks  
  16  0:44  Refinery  
  16  0:51  SCV  
  17  1:03  SCV  
  18  1:15  SCV  
  19  1:27  Orbital Command, Reaper  
  20  1:41  Command Center  
  20  1:52  Supply Depot  
  20  1:53  SCV  
  21  2:03  Barracks  
  21  2:05  SCV  
  22  2:09  Marine  
  23  2:18  Refinery  
  23  2:23  Factory  
  23  2:30  Barracks Reactor  
  24  2:44  SCV  
  24  2:56  SCV, Barracks Tech Lab  
  25  3:01  Orbital Command  
  25  3:08  SCV  
  25  3:09  Starport, Factory Reactor  
  26  3:14  Marine x2  
  26  3:15  Marine  
  28  3:20  SCV  
  28  3:26  SCV, Stimpack  
  30  3:32  SCV, Marine x2  
  30  3:33  Marine  
  34  3:39  SCV  
  35  3:44  SCV  
  36  3:51  SCV  
  36  3:52  Supply Depot  
  36  3:53  Marine x3  
  36  3:54  Medivac  
  42  3:56  SCV  
  42  4:02  Medivac  
  45  4:03  SCV  
  45  4:07  Bunker  
  46  4:10  Supply Depot  
  46  4:14  SCV, Marine x3  
  46  4:15  SCV  
  51  4:22  Supply Depot  
  51  4:26  SCV  
  51  4:27  SCV  
  53  4:32  Marine x3  
  56  4:45  SCV x2  
  58  4:46  Widow Mine  
  58  4:48  Medivac x2  
  58  4:49  Marine  
  58  4:50  Marine x2  
  67  4:56  Supply Depot  
  67  4:57  SCV x2  
  69  5:05  Refinery  
  69  5:07  Supply Depot, Marine  
  70  5:16  Engineering Bay  
  70  5:17  SCV x2, Marine x2  
  74  5:25  Marine  
  65  5:48  Marine  
  65  5:49  Marine x2  
  66  5:55  SCV x2  
  68  5:59  Barracks  
  68  6:01  Barracks  
  68  6:03  Barracks  
  68  6:05  Liberator x2  
  68  6:06  Marine x2  
  68  6:07  Marine  
  71  6:23  Terran Infantry Weapons Level 1  
  71  6:24  SCV x2, Marine  
  80  6:31  Refinery  
  75  6:55  Marine x2  
  75  6:56  Marauder  
  75  6:57  Factory Tech Lab  
  79  7:13  Marine x2  
  81  7:17  Marine  
  81  7:18  Barracks Reactor x2  
  81  7:19  Barracks Reactor, Command Center  
  81  7:21  Supply Depot  
  82  7:23  Supply Depot, Engineering Bay  
  82  7:24  Medivac x2  
  82  7:25  Supply Depot  
  86  7:42  SCV x2, Siege Tank, Marine x2  
  93  7:51  Marine  
  93  7:55  Marine x4  
  93  7:56  Marine x2  
  93  7:57  Medivac x2  
  93  7:58  Combat Shields  
  103  7:59  SCV x2  
  103  8:00  Marine  
  106  8:09  Marauder, Marine  
  106  8:11  SCV  
  110  8:13  Supply Depot  
  110  8:17  Supply Depot  
  110  8:19  Supply Depot  
  110  8:28  Supply Depot x2  
  110  8:29  Liberator x2  
  110  8:30  Marine x7  
  110  8:31  SCV x2  
  110  8:32  Terran Infantry Armor Level 1  
  110  8:33  Armory  
  119  8:35  Marine  
  119  8:36  Orbital Command  
  120  8:43  SCV  
  120  8:44  Marauder  
  120  8:45  Siege Tank  
  120  8:47  SCV  
  133  8:50  Supply Depot  
  133  8:54  Marine x2  
  133  8:55  SCV, Marine x5  
  139  8:56  Marine  
  139  8:59  SCV  
  143  9:15  Marine x3  
  146  9:24  Marine x5  
  146  9:25  Orbital Command, Marine  
  152  9:45  Marine  
  152  9:46  Marine x6  
  152  9:47  Marauder, Marine  
  165  10:02  Terran Infantry Weapons Level 2  
  165  10:03  Marine x3  
  165  10:04  Marine  
  165  10:06  Medivac, Barracks  
  165  10:07  Medivac  
  170  10:10  Factory Reactor  
  170  10:12  Missile Turret  
  170  10:15  Missile Turret  
  170  10:23  Marine x3  
  170  10:27  Missile Turret  
  173  10:32  Marine  
  173  10:33  Marine  
  173  10:34  Marine  
  173  10:35  Marine  
  173  10:37  Marine  
  160  11:04  Marine x3  
  160  11:05  Marine x6  
  160  11:07  Widow Mine x2  
  173  11:15  Supply Depot  
  173  11:16  Supply Depot  
  173  11:19  Supply Depot  
  173  11:20  Liberator  
  173  11:31  Terran Infantry Armor Level 2  
  173  11:36  SCV, Marine x5  
  173  11:37  Marauder, Marine x3  
  173  11:38  Supply Depot x2, SCV x2  
  173  11:39  Supply Depot  
  189  11:41  Supply Depot  
  184  11:48  SCV  
  184  11:50  SCV  
  182  11:55  Marine  
  111  12:04  Marine  
  111  12:05  Marine x6  
  111  12:06  Marine  
  112  12:13  Marine  
  113  12:17  SCV x2  
  113  12:18  SCV  
  113  12:22  Marine x2  
  116  12:23  Marine x4  
  116  12:29  SCV  
  124  12:30  SCV x2  
  124  12:32  Marine  
  126  13:06  Marine x3  
  126  13:07  Marine x2  
  126  13:10  Marine x4  
  118  13:29  Marauder  
  118  13:30  Marine x6  
  118  13:31  Marine x2  
  128  13:47  Marine x2  
Tags
 
Add a new tag
Caveats
  • Supply blocks, unpowered buildings, or Contaminate may cause inaccurate times.
  • Supply counts are checked every 10 seconds.